 Dungeon Crawl Stone Soup version 0.29-a0-844-ge8845773e3 (webtiles) character file.

Game seed: 831324697845722551

1 Locuples the Shield-Bearer (level 1, -2/19 HPs)
             Began as a Minotaur Fighter on July 15, 2022.
             Succumbed to a kobold's poison
             ... on level 1 of the Dungeon.
             The game lasted 00:00:39 (75 turns).

Locuples the Shield-Bearer (Minotaur Fighter)         Turns: 75, Time: 00:00:40

Health: -2/19      AC:  8    Str: 20    XL:     1   Next: 16%
Magic:  0/0        EV:  9    Int:  5    God:
Gold:   11         SH:  4    Dex:  9    Spells: 0/0 levels left

rFire   . . .      SeeInvis .   a - +0 war axe
rCold   . . .      Faith    .   c - +0 buckler
rNeg    . . .      Spirit   .   b - +0 scale mail
rPois   .          Reflect  .   (helmet restricted)
rElec   .          Harm     .   (no cloak)
rCorr   .          Rampage  .   e - +0 pair of gloves
Will    .....                   (no boots)
Stlth   ..........              (no amulet)
HPRegen 0.06/turn               (no ring)
MPRegen 0.07/turn               (no ring)

@: lethally poisoned (-2 -> -25)
A: horns 2, retaliatory headbutt
a: no special abilities


You were on level 1 of the Dungeon.
You visited 1 branch of the dungeon, and saw 1 of its levels.

You collected 11 gold pieces.

Inventory:

Hand Weapons
 a - a +0 war axe (weapon)
Armour
 b - a +0 scale mail (worn)
 c - a +0 buckler (worn)
 e - a +0 pair of gloves (worn)
Potions
 d - a potion of might


   Skills:
 + Level 3.6 Fighting
 + Level 2.5 Axes
 + Level 3.6 Armour
 + Level 3.7 Shields


You couldn't memorise any spells.
You didn't know any spells.
Your spell library was empty.

Dungeon Overview and Level Annotations

Branches:
Dungeon (1/15)

Altars:


Innate Abilities, Weirdness & Mutations

You have a pair of horns on your head.
You reflexively headbutt those who attack you in melee.


Message History

You barely miss the rat. The rat bites you but does no damage.
You slash the rat!
You kill the rat!
You start putting on your armour.
You continue putting on your +0 pair of gloves. x4
You finish putting on your +0 pair of gloves.
Found 7 stones.
A bat comes into view.
Found 11 gold pieces.
You block the bat's attack.
You barely miss the bat. The bat hits you but does no damage.
The bat closely misses you. The bat hits you but does no damage.
The bat hits you but does no damage.
You closely miss the bat. You headbutt the bat.
You kill the bat!
You see here a bat corpse.
You now have 11 gold pieces.
Found an escape hatch in the floor.
A kobold comes into view. It is wielding a +1 dagger of venom.
The kobold shouts!
The kobold hits you but does no damage.
You are poisoned.
You barely miss the kobold.
You feel very sick. The kobold hits you but does no damage.
You are lethally poisoned!
You hit the kobold.
The kobold is severely wounded.
You feel very sick. The kobold hits you but does no damage.
You are more poisoned.
You barely miss the kobold.
The kobold is severely wounded.
* * * LOW HITPOINT WARNING * * *
You feel very sick. You block the kobold's attack.
The kobold hits you but does no damage.
You are more poisoned.
You closely miss the kobold.
The kobold is severely wounded.
You die...

##.######.###
##.## ###.### #.
....# #.....# #.#
##†.###.....# >..
#(..##.....# #.#
...#.##.....# #.#
# ####.##.....##
#.#.#
#.......###.##.#.#
#..####.# #.K@...#
#..# #.# ####.###
#... #.# #.# ##.##
#.# #.#
#.##.#.#### #.#
#.........###.#
#########.....#
#######


You could see a kobold.

Vanquished Creatures
  A bat (D:1)
  A rat (D:1)
2 creatures vanquished.

Notes
Turn   | Place    | Note
-------+----------+-------------------------------------------
     0 | D:1      | Locuples the Minotaur Fighter began the quest for the Orb.
     0 | D:1      | Reached XP level 1. HP: 19/19 MP: 0/0
    75 | D:1      | Succumbed to a kobold's poison

Illustrated notes

Levels and vault maps discovered:
D:1:      mrwooster_arrival_statue_2, layout_loops_cross

Action                   || total
-------------------------++-------
Melee: War axe           ||     9
       Headbutt          ||     1
Armor: Scale mail        ||     9
Dodge: Dodged            ||     2
Block: Buckler           ||     3

Table legend: (Time is in decaauts)
 A = Elapsed time spent in this place.
 B = Non-inter-level travel time spent in this place.
 C = Inter-level travel time spent in this place.
 D = Time resting spent in this place.
 E = Time spent auto-exploring this place.
 F = Levels seen in this place.
 G = Mean time per level.
                   A        B        C        D        E       F      G
               +--------+--------+--------+--------+--------+-----+--------+
         Total |     78 |     78 |      0 |      0 |     39 |   1 |   78.0 |
       Dungeon |     78 |     78 |      0 |      0 |     39 |   1 |   78.0 |
               +--------+--------+--------+--------+--------+-----+--------+

Top non-repeatable levels by time:
     D:1: 78 daAuts
